 Dungeon Crawl Stone Soup version 0.30.0-29-ga12c61a403 (webtiles) character file.

Game seed: 16492830091190772417

8 JordanG8 the Chopper (level 2, 27/27 HPs)
             Began as a Minotaur Berserker on June 5, 2023.
             Was a Follower of Trog.
             Got out of the dungeon alive.
             The game lasted 00:00:32 (181 turns).

JordanG8 the Chopper (Minotaur Berserker)            Turns: 181, Time: 00:00:33

Health: 27/27      AC:  2    Str: 21    XL:     2   Next: 0%
Magic:  1/1        EV: 12    Int:  4    God:    Trog [*.....]
Gold:   15         SH:  0    Dex:  9    Spells: 1/1 levels left

rFire   . . .        a - +0 hand axe
rCold   . . .        (no shield)
rNeg    . . .        b - +0 animal skin
rPois   .            (helmet restricted)
rElec   .            (no cloak)
rCorr   .            (no gloves)
SInv    .            (no boots)
Will    .....        (no amulet)
Stlth   +            (no ring)
HPRegen 0.24/turn    (no ring)
MPRegen 0.07/turn

%: no passive effects
@: studying Fighting
A: horns 2, retaliatory headbutt
a: Renounce Religion, Berserk


You escaped.
You worshipped Trog.
Trog was aware of your devotion.
You visited 1 branch of the dungeon, and saw 1 of its levels.

You collected 15 gold pieces.

Inventory:

Hand Weapons
 a - a +0 hand axe (weapon)
Armour
 b - a +0 animal skin (worn)
Scrolls
 e - a scroll of identify {unknown}
Potions
 c - 2 potions of magic {unknown}
 d - 3 potions of brilliance {unknown}
 f - a potion of heal wounds {unknown}


   Skills:
 + Level 3.8 Fighting
 + Level 3.8 Axes
 + Level 2.7 Armour
 + Level 2.4 Dodging


You had one spell level left.
You didn't know any spells.
Your spell library was empty.

Dungeon Overview and Level Annotations

Branches:
Dungeon (1/15)

Altars:


Innate Abilities, Weirdness & Mutations

You have a pair of horns on your head.
You reflexively headbutt those who attack you in melee.


Message History

You are too injured to fight recklessly!
You are too injured to fight recklessly!
You are too injured to fight recklessly!
You are too injured to fight recklessly!
You are too injured to fight recklessly!
You are too injured to fight recklessly!
Unknown command.
You hit the ball python.
The ball python is moderately wounded.
The ball python closely misses you. The ball python constricts you.
You hit the ball python.
You kill the ball python!
Trog accepts your kill.
Found a stone staircase leading down.
There is a stone staircase leading down here.
A ball python comes into view.
Found a fizzy coppery potion.
The ball python misses you. The ball python grabs you.
The ball python constricts you.
You hit the ball python.
You kill the ball python!
Trog accepts your kill.
No target in view!
Found 4 stones.
c - 2 fizzy coppery potions (gained 1)
You pick up a manual of Fighting and begin studying.
An endoplasm is nearby!
The endoplasm quivers.
The endoplasm hits you.
You hit the endoplasm.
You kill the endoplasm!
Trog accepts your kill.
You have reached level 2!
Unknown command.
Unknown command.
There is an open door here.
There is a staircase leading out of the dungeon here.
You can't go down here!
Are you sure you want to leave the Dungeon?
This will make you lose the game!
You have escaped!

#######.##.# #.#
#.# ........##.#
#.# #.#
#######.##.#
##.########.#
#.##.#
#......†....#
#.##.#
#..##########
#.##.# #..#
#.##.### #..#
#......########
####.###..@≈≈⌠#
#.# #...≈≈≈# #.#
#...≈≈≈# #.#
#.##.≈≈#
#######.###.##..≈#
..........#......#
#########.'.....⌠#
###......#
#.##...#


There were no monsters in sight!

Vanquished Creatures
  A bat (D:1)
  An endoplasm (D:1)
  A giant cockroach (D:1)
  A hobgoblin (D:1)
  A kobold (D:1)
  2 ball pythons (D:1)
7 creatures vanquished.

Notes
Turn   | Place    | Note
-------+----------+-------------------------------------------
     0 | D:1      | JordanG8 the Minotaur Berserker began the quest for the
                  | Orb.
     0 | D:1      | Reached XP level 1. HP: 19/19 MP: 0/0
   137 | D:1      | Reached XP level 2. HP: 23/27 MP: 1/1
   181 | D:$      | Got out of the dungeon alive.

Illustrated notes

Levels and vault maps discovered:
D:1:      amcnicky_arrival_flooded_fountain, layout_loops_ring,
          kennysheep_another_room, minmay_three_crescents

Action                     || total
---------------------------++-------
  Melee: Hand axe          ||    11
 Armour: Animal skin       ||     2
  Dodge: Dodged            ||     6
